 Dungeon Crawl Stone Soup version 0.27-a0-1060-gcb85b5eba1 (webtiles) character file.

Game seed: 16665669658359300763

133 Morbidden the Slasher (level 4, -4/37 HPs)
             Began as a Palentonga Fighter on Apr 21, 2021.
             Slain by a water moccasin (7 damage)
             ... on level 3 of the Dungeon.
             The game lasted 00:02:03 (2641 turns).

Morbidden the Slasher (Palentonga Fighter)          Turns: 2641, Time: 00:02:03

Health: -4/37      AC:  7    Str: 20    XL:     4   Next: 94%
Magic:  4/4        EV:  5    Int:  9    God:
Gold:   178        SH:  9    Dex:  9    Spells: 3/3 levels left

rFire    . . .     SeeInvis +   a - +0 long sword
rCold    . . .     Faith    .   c - +0 kite shield
rNeg     . . .     Spirit   .   b - +0 scale mail
rPois    .         Reflect  .   f - +0 helmet
rElec    .         Harm     .   (no cloak)
rCorr    .         Rampage  .   (no gloves)
Will     .....                  (no barding)
Stlth    ..........             (no amulet)
HPRegen  0.12/turn              (no ring)
MPRegen  0.09/turn              (no ring)

@: mighty, lethally poisoned (-4 -> -27), attractive
A: large, rugged brown scales 3, see invisible, deformed body, roll 1, armoured
tail
a: Rolling Charge


You were on level 3 of the Dungeon.
You visited 1 branch of the dungeon, and saw 3 of its levels.

You collected 178 gold pieces.

Inventory:

Hand Weapons
 a - a +0 long sword (weapon)
Armour
 b - a +0 scale mail (worn)
 c - a +0 kite shield (worn)
 f - a +0 helmet (worn)
Wands
 m - a wand of flame (16)
Scrolls
 e - a scroll of enchant armour {unknown}
 j - a scroll of identify {unknown}
 l - a scroll of fog {unknown}
Potions
 h - a potion of curing
 i - a potion of flight {unknown}
 k - a potion of magic {unknown}


   Skills:
 + Level 3.4 Fighting
 + Level 3.4 Long Blades
 + Level 2.9 Armour
 + Level 0.6 Dodging
 + Level 3.2 Shields


You had 3 spell levels left.
You didn't know any spells.
Your spell library contained the following spells:

 Spells                   Type           Power      Damage    Failure   Level
 Summon Small Mammal      Summ           0%         N/A       99%         1
 Call Imp                 Summ           0%         N/A       99%         2
 Call Canine Familiar     Summ           0%         N/A       100%        3
 Summon Guardian Golem    Hex/Summ       0%         N/A       100%        3
 Summon Ice Beast         Ice/Summ       0%         N/A       100%        4
 Summon Lightning Spire   Summ/Air       0%         N/A       100%        4


Dungeon Overview and Level Annotations

Branches:
Dungeon (3/15)

Altars:
Trog


Innate Abilities, Weirdness & Mutations

You are completely covered in rugged brown scales. (AC +3, +7% HP)
You have supernaturally acute eyesight. (SInv)
Armour fits poorly on your strangely shaped body.
You can roll at nearby foes to attack.
You have a long armoured tail.


Message History

You feel very sick. You block the water moccasin's attack.
The water moccasin bites you but does no damage.
You miss the water moccasin.
Your tail-slap misses the water moccasin.
You feel very sick.
The water moccasin barely misses you. x2
A water moccasin is nearby!
You completely miss the water moccasin.
Your tail-slap misses the water moccasin.
You feel sick. The water moccasin barely misses you.
You riposte.
You hit the water moccasin.
Your tail-slap misses the water moccasin.
The water moccasin is lightly wounded.
The water moccasin bites you but does no damage.
You closely miss the water moccasin.
Your tail-slap misses the water moccasin.
The water moccasin is lightly wounded.
You feel sick.
You block the water moccasin's attack. x2
Unknown command.
Okay, then.
It was a potion of attraction.
You feel attractive to monsters.
You feel sick. The water moccasin bites you.
Unknown command.
You feel very mighty all of a sudden.
You feel sick. You block the water moccasin's attack.
The water moccasin bites you.
* * * LOW HITPOINT WARNING * * *
You are lethally poisoned!
The water moccasin poisons you!
Your scale mail prevents you from hitting the water moccasin.
The water moccasin is lightly wounded.
* * * LOW HITPOINT WARNING * * *
You feel very sick. The water moccasin bites you.
* * * LOW HITPOINT WARNING * * *
You are more poisoned.
The water moccasin poisons you! The water moccasin bites you!
You die...

_.......###.##.
.#
...#.#.#.#.###.
.. ...#.#.##.##
#. .#
.###.####.#
.##.# .....#
##.## .....
.##### #...#
#...# .#
##.#...# #.#.#
.#
##......####.#.#
.+
.............@.#
.#
##...#.#####.#S#
.#####..#.#
#.##.#
..........# #.#
.# #'#######.#
#.# # #.# #. #..
#.##### #. ###
'.'...# #.
#)###.#


You could see a water moccasin.

Vanquished Creatures
  Robin (D:2)
  3 gnolls (D:2)
  2 adders
  A dart slug (D:3)
  An orc (D:3)
  An endoplasm (D:1)
  A giant cockroach (D:1)
  13 goblins
  7 hobgoblins
  9 jackals
  2 kobolds (D:2)
  4 quokkas
  5 ball pythons
  3 bats
  5 frilled lizards
  9 rats
67 creatures vanquished.

Notes
Turn   | Place    | Note
-------+----------+-------------------------------------------
     0 | D:1      | Morbidden the Palentonga Fighter began the quest for the
                  | Orb.
     0 | D:1      | Reached XP level 1. HP: 19/19 MP: 1/1
   277 | D:1      | Reached XP level 2. HP: 18/25 MP: 2/2
  1033 | D:2      | Reached XP level 3. HP: 30/31 MP: 3/3
  1203 | D:2      | Noticed Robin
  1239 | D:2      | Killed Robin
  1259 | D:2      | Reached XP level 4. HP: 7/37 MP: 4/4
  2170 | D:2      | Found a faded altar of an unknown god.
  2595 | D:3      | Found a bloodstained altar of Trog.
  2632 | D:3      | Noticed a water moccasin
  2641 | D:3      | Slain by a water moccasin

Illustrated notes

Levels and vault maps discovered:
D:1:      psy_arrival_conway, layout_basic, solitary_fountain,
          minmay_hexomino_u4
D:2:      layout_loops_ring, shapermc_ecumenical_altar_mp_highgroup,
          minmay_liquid_box, uniq_robin
D:3:      minmay_octagon_keep, layout_loops_corners,
          nicolae_overflow_crystal_walls, lemuel_blue_sif_altar,
          general_overflow_altar, minmay_door_square, grunt_ministairs_6

Skill      XL: |  1  2  3  4 |
---------------+-------------+-----
Shields        | 3 |  3.2
Long Blades    | 3 |  3.4
Fighting       | |  3.4
Armour         | |  2.9
Dodging        | |  0.6

Action                   |  1- 3 |  4- 6 || total
-------------------------+-------+-------++-------
Melee: Long sword        |   136 |    56 ||   192
       Tailslap          |    15 |     5 ||    20
  Use: Potion            |     1 |     2 ||     3
Armor: Scale mail        |    84 |    30 ||   114
       Skin              |    25 |       ||    25
Dodge: Dodged            |    32 |    14 ||    46
Block: Kite shield       |    78 |    19 ||    97
       Rpst.: Long sword |    10 |     6 ||    16

Table legend: (Time is in decaauts)
 A = Elapsed time spent in this place.
 B = Non-inter-level travel time spent in this place.
 C = Inter-level travel time spent in this place.
 D = Time resting spent in this place.
 E = Time spent auto-exploring this place.
 F = Levels seen in this place.
 G = Mean time per level.
                   A        B        C        D        E       F      G
               +--------+--------+--------+--------+--------+-----+--------+
         Total |   2736 |   2698 |     38 |      0 |   2232 |   3 |  912.0 |
       Dungeon |   2736 |   2698 |     38 |      0 |   2232 |   3 |  912.0 |
               +--------+--------+--------+--------+--------+-----+--------+

Top non-repeatable levels by time:
     D:2: 1344 daAuts
     D:1: 1071 daAuts
     D:3: 320 daAuts
